 Dungeon Sprint DCSS version 0.31-a0-1-g4198be8af4 (webtiles) character file.

Game seed: 10088688508251569814

118 Darkkill the Trooper (level 5, -3/36 HPs)
             Began as a Gargoyle Berserker on May 2, 2023.
             Was a Believer of Trog.
             Killed from afar by an oklob sapling priest (25 damage)
             ... with a splash of acid
             ... in the Dungeon (Sprint IV: "Fedhas' Mad Dash").
             The game lasted 00:01:21 (491 turns).

Darkkill the Trooper (Gargoyle Berserker)            Turns: 491, Time: 00:01:21

Health: -3/36      AC:  2    Str: 21    XL:     5   Next: 2%
Magic:  5/5        EV: 13    Int:  7    God:    Trog [**....]
Gold:   69         SH:  0    Dex: 11    Spells: 4/4 levels left

rFire   . . .        a - +0 mace
rCold   . . .        (no shield)
rNeg    + . .        b - +0 animal skin
rPois   ∞            (no helmet)
rElec   +            (no cloak)
rCorr   .            (no gloves)
SInv    .            (no boots)
Will    .....        j - amulet of invisibility {+Inv}
Stlth   +            (no ring)
HPRegen 0.26/turn    (no ring)
MPRegen 0.09/turn

%: no teleportation
@: corroded, very slightly contaminated
A: sickness immunity, AC +4, negative energy resistance 1, electricity
resistance, torment resistance 1, petrification resistance
a: Renounce Religion, Evoke Invisibility, Berserk, Trog's Hand


You were in the Dungeon.
You worshipped Trog.
Trog was pleased with you.
You visited 1 branch You collected 69 gold pieces.

Inventory:

Hand Weapons
 a - a +0 mace (weapon)
Missiles
 i - 8 stones (quivered)
Armour
 b - a +0 animal skin (worn)
Jewellery
 j - the amulet of invisibility (around neck) {+Inv}
   (You found it in the Dungeon)

   [amulet of nothing]

   +Inv:      It lets you turn invisible.
Scrolls
 h - a scroll of blinking
Potions
 c - a potion of curing {@q1}
 e - a potion of haste
 f - 2 potions of magic
 g - a potion of berserk rage


   Skills:
 + Level 6.1 Fighting
 + Level 5.5 Maces & Flails
 + Level 5.5 Armour
 + Level 4.1 Dodging


You had 4 spell levels left.
You didn't know any spells.
Your spell library was empty.

Dungeon Overview and Level Annotations

Branches:
Dungeon (1/1)

Altars:
Cheibriados
Dithmenos
Elyvilon
Gozag
Hepliaklqana
Kikubaaqudgha
Makhleb
Nemelex Xobeh
Okawaru
Qazlal
Ru
Sif Muna
Trog
Uskayaw
Vehumet
Wu Jian
Xom
Yredelemnul
Zin
The Shining One
Jiyva
Lugonu

Annotations:
D exclusion: oklob sapling


Innate Abilities, Weirdness & Mutations

You are immune to sickness and miasma.
Your stone body is resilient. (AC +4)
You are immune to poison.
You resist negative energy. (rN+)
You are resistant to electric shocks. (rElec)
You are resistant to unholy torment.
You are immune to petrification.


Message History

Your Fighting skill increases to level 6!
Your Dodging skill increases to level 4!
You have reached level 5!
You flicker for a moment.
You now have 51 gold pieces (gained 8).
You now have 69 gold pieces (gained 18).
You flicker back into view.
You start waiting.
Your magical contamination has completely faded away.
You start waiting.
Done waiting.
You fail to use your ability.
You fail to use your ability.
You fade into invisibility!
You are very lightly contaminated with residual magic.
You open the door.
Clearing monster memory.
Which direction?
Unknown command.
Clearing monster memory.
Which direction?
You close the door.
There is an open door here.
You flicker for a moment.
You start waiting.
You flicker back into view.
You start waiting.
Your magical contamination has completely faded away.
You open the door.
Found ten altars.
An oklob sapling priest comes into view.
Found three altars.
Marking area around an oklob sapling priest as unsafe for travelling.
There is an open door here.
You fail to use your ability.
The oklob sapling priest spits acid at you.
The splash of acid hits you!!
Ouch! That really hurt!
* * * LOW HITPOINT WARNING * * *
The acid corrodes you!
You start resting.
You are no longer corroded.
You start resting.
HP restored.
You start waiting.
Done waiting.
You fail to use your ability.
You fade into invisibility!
You are very lightly contaminated with residual magic.
Really walk into a travel-excluded area? [Y]es or [N]o only, please.
Really walk into a travel-excluded area? [Y]es or [N]o only, please.
Really walk into a travel-excluded area?
There is an open door here.
Found three altars.
Found two altars.
Found three altars.
There is an opulent altar of Gozag here.
Found a corrupted altar of Lugonu and a radiant altar of Vehumet.
There is a hazy altar of Hepliaklqana here.
There is a viscous altar of Jiyva here.
You hit the oklob sapling priest but do no damage.
The oklob sapling priest spits acid at you.
The splash of acid hits you! The acid corrodes you!
You hit the oklob sapling priest but do no damage.
You flicker for a moment.
You hit the oklob sapling priest.
You punch the oklob sapling priest, but do no damage.
The oklob sapling priest is lightly damaged.
You hit the oklob sapling priest.
The oklob sapling priest is moderately damaged.
The oklob sapling priest spits acid at you.
The splash of acid misses you.
You hit the oklob sapling priest but do no damage.
The oklob sapling priest is moderately damaged.
The oklob sapling priest mumbles some strange prayers to its god against you.
Something smites you!
* * * LOW HITPOINT WARNING * * *
You feel much better.
You hit the oklob sapling priest but do no damage.
The oklob sapling priest is moderately damaged.
You hit the oklob sapling priest but do no damage.
The oklob sapling priest is moderately damaged.
You flicker back into view.
You hit the oklob sapling priest but do no damage.
The oklob sapling priest is moderately damaged.
The oklob sapling priest begins to cast a cantrip, but forgets the words!
You hit the oklob sapling priest but do no damage.
The oklob sapling priest is moderately damaged.
The oklob sapling priest calls down the wrath of its god upon you.
Something smites you!
You hit the oklob sapling priest but do no damage.
The oklob sapling priest is moderately damaged.
You hit the oklob sapling priest but do no damage.
The oklob sapling priest is moderately damaged.
The oklob sapling priest spits acid at you.
The splash of acid hits you!!
Ouch! That really hurt!
You die...

########################
...#.....#.⌠._._._._.⌠.#
...'.#.[.'.._._.@._._..+
...#.#...#..._._P_._...#
#######'##.._._._._._..#
.....+...#._._._._._.⌠.#
.....#...###############
.♣.. ##### ##


You could see an oklob sapling priest.

Vanquished Creatures
  A scorpion (D)
  2 oklob saplings (D)
  A river rat (D)
  A rat (D)
5 creatures vanquished.

Vanquished Creatures (others)
  7 fungi (D)
7 creatures vanquished.

Grand Total: 12 creatures vanquished

Notes
Turn   | Place    | Note
-------+----------+-------------------------------------------
     0 | D        | Darkkill the Gargoyle Berserker began the quest for the
                  | Orb.
     0 | D        | Reached XP level 1. HP: 14/14 MP: 1/1
    36 | D        | Reached skill level 4 in Fighting
    36 | D        | Reached XP level 2. HP: 20/20 MP: 2/2
    46 | D        | Noticed an oklob sapling
    50 | D        | Killed an oklob sapling
    50 | D        | Reached ** piety under Trog
    51 | D        | Reached XP level 3. HP: 24/24 MP: 3/3
    52 | D        | Noticed a scorpion
    52 | D        | Found the amulet of invisibility {+Inv}
    57 | D        | Killed a scorpion
    58 | D        | Reached skill level 5 in Fighting
    58 | D        | Reached skill level 5 in Maces & Flails
    58 | D        | Reached skill level 5 in Armour
    58 | D        | Reached XP level 4. HP: 22/32 MP: 4/4
   102 | D        | Reached skill level 6 in Fighting
   102 | D        | Reached XP level 5. HP: 36/36 MP: 5/5
   262 | D        | Found an opulent altar of Gozag.
   262 | D        | Found a hazy altar of Hepliaklqana.
   262 | D        | Found a burning altar of Makhleb.
   262 | D        | Found a sparkling altar of Nemelex Xobeh.
   262 | D        | Found a snail-covered altar of Cheibriados.
   262 | D        | Found a sacrificial altar of Ru.
   262 | D        | Found a shimmering blue altar of Sif Muna.
   262 | D        | Found a shimmering altar of Xom.
   262 | D        | Found a basalt altar of Yredelemnul.
   263 | D        | Found a viscous altar of Jiyva.
   263 | D        | Found a bloodstained altar of Trog.
   263 | D        | Found an ornate altar of the Wu Jian Council.
   473 | D        | Found an iron altar of Okawaru.
   473 | D        | Found a shadowy altar of Dithmenos.
   473 | D        | Found a glowing silver altar of Zin.
   474 | D        | Found an ancient bone altar of Kikubaaqudgha.
   474 | D        | Found a hide-covered altar of Uskayaw.
   475 | D        | Found a stormy altar of Qazlal.
   475 | D        | Found a white marble altar of Elyvilon.
   475 | D        | Found a glowing golden altar of the Shining One.
   476 | D        | Found a corrupted altar of Lugonu.
   476 | D        | Found a radiant altar of Vehumet.
   484 | D        | HP: 7/36 [oklob sapling priest/divine providence (14)]
   491 | D        | Killed from afar by an oklob sapling priest

Illustrated notes

Levels and vault maps discovered:
D:        dungeon_sprint_fedhas [sprint_temple]

Skill      XL: |  1  2  3  4 |
---------------+-------------+-----
Fighting       | 4 5 6 |  6.1
Armour         | 3 4 5 |  5.5
Dodging        | 2 3 4 |  4.1
Maces & Flails | 4 5 |  5.5

Action                     |  1- 3 |  4- 6 || total
---------------------------+-------+-------++-------
  Melee: Mace              |    22 |    13 ||    35
         Punch             |       |     1 ||     1
 Invoke: Berserk           |     1 |       ||     1
Ability: Evoke Invisibilit |       |     3 ||     3
    Use: Potion            |       |     1 ||     1
 Armour: Animal skin       |     1 |       ||     1
  Dodge: Dodged            |     6 |     1 ||     7

Table legend: (Time is in decaauts)
 A = Elapsed time spent in this place.
 B = Non-inter-level travel time spent in this place.
 C = Inter-level travel time spent in this place.
 D = Time resting spent in this place.
 E = Time spent auto-exploring this place.
 F = Levels seen in this place.
 G = Mean time per level.
                   A        B        C        D        E       F      G
               +--------+--------+--------+--------+--------+-----+--------+
         Total |    506 |    506 |      0 |    357 |      0 |   1 |  506.0 |
       Dungeon |    506 |    506 |      0 |    357 |      0 |   1 |  506.0 |
               +--------+--------+--------+--------+--------+-----+--------+

Top non-repeatable levels by time:
       D: 506 daAuts

Levels and vault maps discovered:
D:        dungeon_sprint_fedhas [sprint_temple]

Table legend: (Time is in decaauts)
 A = Elapsed time spent in this place.
 B = Non-inter-level travel time spent in this place.
 C = Inter-level travel time spent in this place.
 D = Time resting spent in this place.
 E = Time spent auto-exploring this place.
 F = Levels seen in this place.
 G = Mean time per level.
                   A        B        C        D        E       F      G
               +--------+--------+--------+--------+--------+-----+--------+
         Total |    506 |    506 |      0 |    357 |      0 |   1 |  506.0 |
       Dungeon |    506 |    506 |      0 |    357 |      0 |   1 |  506.0 |
               +--------+--------+--------+--------+--------+-----+--------+

Top non-repeatable levels by time:
       D: 506 daAuts

Table legend:
 A = Kills in this place as a percentage of kills in the entire game.
 B = Kills by you in this place as a percentage of kills by you in the entire game.
 C = Kills by friends in this place as a percentage of kills by friends in the entire game.
 D = Other kills in this place as a percentage of other kills in the entire game.
 E = Experience gained in this place as a percentage of experience gained in the entire game.
 F = Experience gained in this place divided by the number of levels of this place that you have seen.
                   A       B       C       D       E      F
               +-------+-------+-------+-------+-------+----------------------
         Total | 100.0 | 100.0 |   N/A |   N/A | 100.0 | 169.0
       Dungeon | 100.0 | 100.0 |   N/A |   N/A | 100.0 | 169.0
               +-------+-------+-------+-------+-------+----------------------
